 Dungeon Crawl Stone Soup version 0.31-a0-744-gbc345e7fcb (webtiles) character file.

Game seed: 2617042175099712941

2851 demibob the Fencer (level 9, -3/70 HPs)
             Began as a Minotaur Chaos Knight on Sept 13, 2023.
             Was a Plaything of Xom.
             Slain by a gnoll
             ... wielding a +0 club
              (5 damage)
             ... on level 7 of the Dungeon.
             The game lasted 00:09:15 (5689 turns).

demibob the Fencer (Minotaur Chaos Knight)          Turns: 5689, Time: 00:09:17

Health: -3/70      AC: 11    Str: 20    XL:     9   Next: 46%
Magic:  8/8        EV: 11    Int:  9    God:    Xom [.*....]
Gold:   318        SH:  0    Dex: 11    Spells: 8/8 levels left

rFire   . . .        a - +1 falchion (chaos)
rCold   . . .        (no shield)
rNeg    . . .        b - +2 leather armour
rPois   .            (helmet restricted)
rElec   .            (no cloak)
rCorr   .            g - +1 pair of gloves
SInv    .            (no boots)
Will    .....        (no amulet)
Stlth   +            L - ring of flight
HPRegen 0.31/turn    T - +4 ring of protection
MPRegen 0.11/turn

%: random rage (3%)
@: flying, unable to read
A: horns 2, retaliatory headbutt, berserk 1, subdued magic 1, inability to read
after injury 1
a: Renounce Religion


You were on level 7 of the Dungeon.
You worshipped Xom.
You were a plaything of Xom.
You visited 1 branch of the dungeon, and saw 7 of its levels.

You collected 318 gold pieces.


Innate Abilities, Weirdness & Mutations

You have a pair of horns on your head.
You reflexively headbutt those who attack you in melee.
You sometimes lose your temper in combat.
Your spells are a little easier to cast, but a little less powerful.
You occasionally lose the ability to read scrolls when taking damage.


   Skills:
 - Level 3.6 Fighting
 + Level 15.7 Long Blades
 - Level 2.4 Armour
 - Level 1.1 Dodging


You had 8 spell levels left.
You didn't know any spells.
Your spell library contained the following spells:

 Spells                   Type           Power      Damage    Failure   Level
 Necrotise                Necr           0%         1d4       38%         1
 Ensorcelled Hibernation  Hex/Ice        0%         N/A       52%         2
 Passwall                 Tmut/Erth      0%         N/A       52%         2
 Swiftness                Air            0%         N/A       77%         3
 Vampiric Draining        Necr           0%         2d6       77%         3
 Agony                    Necr           0%         N/A       100%        5

Inventory:

Hand Weapons
 a - a +1 falchion of chaos (weapon)
Armour
 b - a +2 leather armour (worn)
 g - a +1 pair of gloves (worn)
 n - a +1 pair of gloves
Magical Staves
 c - a staff of air {!a}
Jewellery
 v - a ring of see invisible
 L - a ring of flight (left hand)
 R - a ring of resist corrosion
 T - a +4 ring of protection (right hand)
Wands
 k - a wand of polymorph (11)
Scrolls
 d - 2 scrolls of immolation
 h - a scroll of enchant weapon
 i - a scroll of butterflies
 j - 2 scrolls of enchant armour
 l - a scroll of identify {@r1}
 m - a scroll of fear
Potions
 e - 2 potions of cancellation
 f - 2 potions of brilliance
 o - a potion of magic

Dungeon Overview and Level Annotations

Branches:
Dungeon (7/15)
 Temple: D:4-7

Altars:
Ashenzari
Dithmenos
Gozag
Kikubaaqudgha
Okawaru
Uskayaw
Yredelemnul
Zin

Shops:
D:2 [

Annotations:
D:6 1 runed translucent door
Abyss:1 Duvessa

#..##.##># ..
.#.#......# ....
.........##....
##..............
####.#.............
#>..<#...........h.
#....g.†...........
##...)g#†...........
#....@####..#.....g.
..S.....# ##.#......g
.......... #..g...g..
.......(... #.........
............#..........
.............(........#
..##.....#.#........##
.. #.=...###........#
....#####..


You could see a water moccasin (wandering) and 2 gnolls.


Message History

The gnoll is heavily wounded.
The gnoll closely misses you.
You hit the gnoll. You headbutt the gnoll.
The gnoll is severely wounded.
The gnoll is no longer moving slowly.
The gnoll hits you with a +0 club.
* * * LOW HITPOINT WARNING * * *
The gnoll hits you with a +0 flail.
* * * LOW HITPOINT WARNING * * *
You slash the gnoll!
You kill the gnoll!
The gnoll hits you from afar with a +0 spear.
* * * LOW HITPOINT WARNING * * *
The gnoll closely misses you. You furiously retaliate!
You headbutt the gnoll! You hit the gnoll.
The gnoll is almost dead.
You slash the gnoll!
You kill the gnoll!
The gnoll barely misses you.
You closely miss the gnoll. You headbutt the gnoll!
The gnoll is severely wounded.
The gnoll hits you but does no damage.
You closely miss the gnoll.
The gnoll is severely wounded.
The gnoll hits you but does no damage.
You completely miss the gnoll. Your headbutt misses the gnoll.
The gnoll is severely wounded.
A water moccasin comes into view.
The gnoll hits you but does no damage. The gnoll hits you with a +0 club.
You die...
Xom chuckles heartily!

Skill      XL: |  1  2  3  4  5  6  7  8  9 |
---------------+----------------------------+-----
Long Blades    | 4 5 6 8 9 11 14 15 | 15.7
Fighting       | |  3.6
Armour         | |  2.4
Dodging        | |  1.1

Action                     |  1- 3 |  4- 6 |  7- 9 || total
---------------------------+-------+-------+-------++-------
  Melee: Falchion          |    73 |   141 |   247 ||   461
         Headbutt          |    13 |    22 |    52 ||    87
         Punch             |       |     1 |     4 ||     5
  Evoke: Wand              |       |       |     5 ||     5
    Use: Scroll            |     1 |     7 |     8 ||    16
         Potion            |       |       |     3 ||     3
   Stab: Paralysed         |       |     1 |     2 ||     3
 Armour: Leather armour    |    40 |    82 |   126 ||   248
  Dodge: Dodged            |    38 |    58 |    85 ||   181

Levels and vault maps discovered:
D:1:      zaba_arrival_water, layout_basic, hellmonk_ecumenical_altar_blasted,
          kennysheep_another_room
D:2:      minmay_alternating_diamond, layout_basic, basic_altar, serial_shops,
          nicolae_shop_scrapyard
D:3:      layout_loops_corners, tgw_kikubaaqudgha, mainiacjoe_overflow_alcove_2
D:4:      layout_basic, grunt_gozag_statues, uniq_edmund
D:5:      layout_rooms, pf_just_have_faith
D:6:      layout_gridville, dk_yredelemnul_ordeal,
          nicolae_dithmenos_shadow_blocks, nicolae_uskayaw_suspiria,
          serial_glass, glass_columns_a, glass_columns_a, glass_columns_b,
          uniq_grinder, uniq_blork_the_orc, uniq_maggie, uniq_duvessa
D:7:      layout_cave_pools, minmay_temple_entry_slanted

Notes
Turn   | Place    | Note
-------+----------+-------------------------------------------
     0 | D:1      | demibob the Minotaur Chaos Knight began the quest for the
                  | Orb.
     0 | D:1      | Reached XP level 1. HP: 19/19 MP: 0/0
    58 | D:1      | Found a faded altar of an unknown god.
   175 | D:1      | Reached skill level 4 in Long Blades
   308 | D:1      | Reached XP level 2. HP: 22/26 MP: 1/1
   340 | D:1      | XOM: silly message
   360 | D:1      | XOM: silly message
   465 | D:1      | XOM: potion effect (attraction)
   987 | D:2      | Found a broken altar of Ashenzari.
  1006 | D:2      | Reached skill level 5 in Long Blades
  1006 | D:2      | Reached XP level 3. HP: 30/31 MP: 2/2
  1044 | D:2      | Found Ixyam's Armour Boutique.
  1125 | D:2      | XOM: divination: detect creatures
  1139 | D:2      | Reached skill level 6 in Long Blades
  1139 | D:2      | Reached XP level 4. HP: 13/39 MP: 3/3
  1268 | D:2      | XOM: divination: detect items
  1383 | D:2      | XOM: silly message
  1391 | D:2      | XOM: potion effect (brilliance)
  1430 | D:2      | XOM: silly message
  1534 | D:2      | XOM: cleaving
  1705 | D:2      | XOM: summons 2 hostile shadow creatures
  1837 | D:2      | XOM: give mutations
  1837 | D:2      | Gained mutation: You occasionally lose the ability to read
                  | scrolls when taking damage. [Xom's mischief]
  1837 | D:2      | Gained mutation: You sometimes lose your temper in combat.
                  | [Xom's mischief]
  1837 | D:2      | Gained mutation: Your spells are a little easier to cast,
                  | but a little less powerful. [Xom's mischief]
  1972 | D:3      | Reached XP level 5. HP: 45/45 MP: 4/4
  1983 | D:3      | Found an ancient bone altar of Kikubaaqudgha.
  1989 | D:3      | Noticed a human
  1990 | D:3      | Killed a human
  2035 | D:3      | Reached skill level 7 in Long Blades
  2101 | D:3      | an iguana changed into a shapeshifter
  2101 | D:3      | Noticed a shapeshifter (shapeshifter)
  2101 | D:3      | XOM: swap monsters
  2101 | D:3      | a shapeshifter changed into a yak
  2101 | D:3      | Noticed a yak (shapeshifter)
  2113 | D:3      | Killed a yak
  2114 | D:3      | Reached skill level 8 in Long Blades
  2114 | D:3      | Reached XP level 6. HP: 16/51 MP: 5/5
  2488 | D:3      | Found a glowing silver altar of Zin.
  2932 | D:4      | XOM: torment (27/51 hp)
  3026 | D:4      | XOM: fake destruction
  3029 | D:4      | Reached skill level 9 in Long Blades
  3158 | D:4      | XOM: blink monster(s)
  3159 | D:4      | Reached XP level 7. HP: 50/57 MP: 6/6
  3190 | D:4      | Found an opulent altar of Gozag.
  3308 | D:4      | Noticed Edmund
  3312 | D:4      | XOM: blink monster(s)
  3316 | D:4      | XOM: noise
  3319 | D:4      | Killed Edmund
  3320 | D:4      | Reached skill level 10 in Long Blades
  3539 | D:5      | Entered Level 5 of the Dungeon
  3588 | D:5      | Found an iron altar of Okawaru.
  3812 | D:5      | Reached skill level 11 in Long Blades
  4056 | D:6      | Noticed Grinder
  4056 | D:6      | Noticed Maggie
  4056 | D:6      | XOM: 6-stop teleportation journey
  4064 | D:6      | Found a hide-covered altar of Uskayaw.
  4110 | D:6      | Found a shadowy altar of Dithmenos.
  4133 | D:6      | Noticed Duvessa
  4134 | D:6      | Noticed Dowan
  4159 | D:6      | XOM: confuse monster(s)
  4160 | D:6      | Banished Duvessa
  4161 | D:6      | Reached XP level 8. HP: 20/64 MP: 7/7
  4342 | D:6      | Dowan changed into Dowan the river rat
  4342 | D:6      | Noticed Dowan
  4349 | D:6      | Killed Dowan the river rat
  4355 | D:6      | XOM: god gift: potion of cancellation
  4373 | D:6      | Reached skill level 12 in Long Blades
  4374 | D:6      | XOM: enchant monster (good)
  4381 | D:6      | Killed Grinder
  4488 | D:6      | Noticed Blork the orc
  4489 | D:6      | XOM: enchant monster (bad)
  4491 | D:6      | Blork the orc changed into Blork the jelly
  4491 | D:6      | Noticed Blork
  4494 | D:6      | Killed Blork the jelly
  4502 | D:6      | Reached skill level 13 in Long Blades
  4509 | D:6      | XOM: silly message
  4515 | D:6      | Killed Maggie
  4519 | D:6      | Reached skill level 14 in Long Blades
  4589 | D:6      | XOM: cloud trail
  4707 | D:6      | XOM: cast spell 'Chain of Chaos'
  4712 | D:6      | XOM: divination: detect creatures
  4713 | D:6      | Reached XP level 9. HP: 43/70 MP: 8/8
  4850 | D:6      | Found a runed translucent door.
  4855 | D:6      | Found a basalt altar of Yredelemnul.
  5272 | D:6      | XOM: scenery: summon butterflies
  5390 | D:6      | XOM: cloud trail
  5436 | D:7      | Reached skill level 15 in Long Blades
  5676 | D:7      | >>lul
  5681 | D:7      | HP: 5/70 [gnoll/+0 flail (9)]
  5684 | D:7      | HP: 1/70 [gnoll/+0 spear (3)]
  5689 | D:7      | Slain by a gnoll

Vanquished Creatures
  Maggie (D:6)
  Grinder (D:6)
  A yak (shapeshifter) (D:3)
  A wyvern (D:7)
  Edmund (D:4)
  A water moccasin (D:7)
  2 ice beasts
  An orc warrior (D:6)
  A black bear (D:7)
  2 ogres (D:6)
  2 bullfrogs (D:6)
  5 scorpions
  A howler monkey (D:6)
  4 jellies
  5 orc priests
  4 hounds
  A sleepcap (D:4)
  2 iguanas (D:5)
  2 orc wizards
  9 gnolls
  A river rat (D:6)
  9 adders
  A white imp (D:6)
  An ufetubus (D:6)
  5 worms
  4 dart slugs
  8 orcs
  2 bats
  7 endoplasms
  4 giant cockroaches
  4 hobgoblins
  4 jackals (D:3)
  11 kobolds
  2 quokkas
  9 ball pythons
  6 frilled lizards
  5 goblins
  A goblin zombie (D:6)
  6 rats
137 creatures vanquished.

Vanquished Creatures (others)
  A human (D:3)
  A dart slug (D:4)
2 creatures vanquished.

Grand Total: 139 creatures vanquished

Table legend: (Time is in decaauts)
 A = Elapsed time spent in this place.
 B = Non-inter-level travel time spent in this place.
 C = Inter-level travel time spent in this place.
 D = Time resting spent in this place.
 E = Time spent auto-exploring this place.
 F = Levels seen in this place.
 G = Mean time per level.
                   A        B        C        D        E       F      G
               +--------+--------+--------+--------+--------+-----+--------+
         Total |   5670 |   5506 |    164 |    480 |   4137 |   7 |  810.0 |
       Dungeon |   5670 |   5506 |    164 |    480 |   4137 |   7 |  810.0 |
               +--------+--------+--------+--------+--------+-----+--------+

Top non-repeatable levels by time:
     D:6: 1335 daAuts
     D:3: 1028 daAuts
     D:1: 935 daAuts
     D:2: 932 daAuts
     D:4: 689 daAuts
     D:5: 504 daAuts
     D:7: 243 daAuts

Table legend:
 A = Non-vault XP
 B = Vault XP
 C = Vault XP percentage of total XP
 D = Non-vault monster count
 E = Vault monster count
 F = Vault count percentage of total count
                 A         B        C        D         E       F
            +---------+---------+-------+---------+---------+-------
      Total |    3047 |    1027 |  25.2 |     129 |      10 |   7.2
            +---------+---------+-------+---------+---------+-------
        D:1 |      32 |       0 |   0.0 |      19 |       0 |   0.0
        D:2 |     144 |      15 |   9.4 |      24 |       3 |  11.1
        D:3 |     332 |       0 |   0.0 |      21 |       0 |   0.0
        D:4 |     246 |     166 |  40.3 |      20 |       1 |   4.8
        D:5 |     340 |       0 |   0.0 |      12 |       0 |   0.0
        D:6 |    1237 |     846 |  40.6 |      26 |       6 |  18.8
        D:7 |     716 |       0 |   0.0 |       7 |       0 |   0.0
            +---------+---------+-------+---------+---------+-------
